 Dungeon Crawl Stone Soup version 0.22.1-1-ga44c0e56f4 (webtiles) character file.

41 Kniotic the Caller (level 3, 0/19 HPs)
             Began as a Deep Elf Summoner on Oct 26, 2018.
             Was an Initiate of Sif Muna.
             Slain by a worker ant (5 damage)
             ... on level 4 of the Dungeon.
             The game lasted 00:04:49 (2286 turns).

Kniotic the Caller (Deep Elf Summoner)              Turns: 2286, Time: 00:04:49

Health: 0/19       AC:  4    Str:  5    XL:     3   Next: 32%
Magic:  4/9        EV: 13    Int: 20    God:    Sif Muna [......]
Gold:   129        SH:  0    Dex: 15    Spells: 5/8 levels left

rFire    . . .     SeeInvis .   g - +0 dagger (flame)
rCold    . . .     Gourm    .   (no shield)
rNeg     . . .     Faith    .   a - +0 robe
rPois    .         Spirit   .   (no helmet)
rElec    .         Reflect  .   i - +0 cloak
rCorr    .         Harm     .   (no gloves)
MR       .....                  h - +0 pair of boots
Stlth    ++........             (no amulet)
HPRegen  0.06/turn              (no ring)
MPRegen  0.11/turn              (no ring)

@: no status effects
A: no striking features
a: Renounce Religion


You were on level 4 of the Dungeon.
You worshipped Sif Muna.
Sif Muna was noncommittal.
You were hungry.

You visited 1 branch of the dungeon, and saw 4 of its levels.

You collected 129 gold pieces.

Inventory:

Hand Weapons
 g - a +0 dagger of flaming (weapon)
Armour
 a - a +0 robe (worn)
 h - a +0 pair of boots (worn)
 i - a +0 cloak (worn)
Jewellery
 n - an uncursed ring of see invisible {unknown}
Scrolls
 b - 3 scrolls of remove curse {unknown}
 e - a scroll of identify {unknown}
 f - 2 scrolls of teleportation {unknown}
 o - a scroll of blinking {unknown}
 p - a scroll of amnesia {unknown}
Potions
 d - 2 potions of curing {unknown}
 j - 2 potions of heal wounds {unknown}
 k - a potion of degeneration {unknown}
 l - 2 potions of ambrosia {unknown}
 m - a potion of berserk rage {unknown}
Comestibles
 c - 6 rations


   Skills:
 + Level 0.1 Short Blades
 - Level 2.4 Dodging
 - Level 2.4 Stealth
 + Level 3.3 Spellcasting
 * Level 5.5 Summonings


You had 5 spell levels left.
You knew the following spells:

 Your Spells              Type           Power        Failure   Level  Hunger
a - Summon Small Mammal   Summ           ####         1%          1    None
b - Call Imp              Summ           ####....     2%          2    ##.....

Your spell library contained the following spells:

 Spells                   Type           Power        Failure   Level  Hunger
 Call Canine Familiar     Summ           ####....     4%          3    ###....
 Summon Guardian Golem    Hex/Summ       ##......     13%         3    ###....
 Summon Ice Beast         Ice/Summ       ##......     41%         4    ####...
 Summon Lightning Spire   Summ/Air       ##......     41%         4    ####...


Dungeon Overview and Level Annotations

Branches:
Dungeon (4/15)
 Temple: D:4-7

Altars:
Elyvilon
Kikubaaqudgha
Sif Muna
Wu Jian


Message History

You closely miss the worker ant.
Your white imp closely misses the worker ant.
The worker ant bites you but does no damage.
You barely miss the worker ant.
Your white imp hits the worker ant but does no damage.
The worker ant bites you.
* * * LOW HITPOINT WARNING * * *
You hit the worker ant but do no damage.
The worker ant barely misses you.
Your white imp barely misses the worker ant.
Your crimson imp misses the worker ant.
You barely miss the worker ant.
The worker ant bites you but does no damage.
Your white imp barely misses the worker ant.
The worker ant misses you.
Your crimson imp blinks!
You hit the worker ant but do no damage.
Your white imp hits the worker ant.
Your white imp freezes the worker ant.
The worker ant bites you.
You die...

.# #..........#....
...# ##...............
....##...........>#...
..................##.##
.......#..<.......#
..............(..##
..............##.#
......?..%.......
........5@5......
.#5#.....a.......
#.>............
....#.#........ .
.................
...#...##........ ..
...> ........ #..#.
..#... ...#####..##..#


You could see a worker ant, 2 friendly crimson imps and a friendly white imp.

Vanquished Creatures
  An adder (D:2)
  An ooze (D:2)
  A worm (D:2)
  4 bats
  2 hobgoblins
  A jackal (D:3)
  A frilled lizard (D:2)
  2 kobolds
  2 rats (D:2)
15 creatures vanquished.

Vanquished Creatures (collateral kills)
  An ooze (D:1)
  A worm (D:3)
  A dart slug (D:2)
  An orc (D:3)
  A giant cockroach (D:2)
  A hobgoblin (D:1)
  A jackal (D:3)
  3 kobolds
  2 rats
12 creatures vanquished.

Grand Total: 27 creatures vanquished

Notes
Turn   | Place    | Note
-------+----------+-------------------------------------------
     0 | D:1      | Kniotic the Deep Elf Summoner began the quest for the Orb.
     0 | D:1      | Reached XP level 1. HP: 10/10 MP: 6/6
   627 | D:2      | Reached XP level 2. HP: 14/15 MP: 6/8
   636 | D:2      | Reached skill level 5 in Summonings
   653 | D:2      | Learned a level 2 spell: Call Imp
  1017 | D:2      | Reached XP level 3. HP: 16/19 MP: 9/9
  1080 | D:2      | Found an ancient bone altar of Kikubaaqudgha.
  1083 | D:2      | Found an ornate altar of the Wu Jian Council.
  1086 | D:2      | Found a white marble altar of Elyvilon.
  2036 | D:3      | Found a deep blue altar of Sif Muna.
  2039 | D:3      | Became a worshipper of Sif Muna the Loreminder
  2286 | D:4      | Slain by a worker ant

Skill      XL: |  1  2 |
---------------+-------+-----
Summonings     | 5 |  5.5
Short Blades   | |  0.1
Dodging        | |  2.4
Stealth        | |  2.4
Spellcasting   | |  3.3

Action                   || total
-------------------------++-------
Melee: Dagger            ||   103
       Unarmed           ||     7
 Cast: Summon Small Mamm ||     8
       Call Imp          ||    12
 Stab: Sleeping          ||     3
       Distracted        ||     1
  Eat: Chunk             ||     4
Armor: Robe              ||    26
Dodge: Dodged            ||    97
